 Dungeon Crawl Stone Soup version 0.17-a0-2093-gc772f4b (webtiles) character file.

341 brucemayne the Cleaver (level 6, -1/56 HPs)
             Began as a Hill Orc Berserker on Oct 16, 2015.
             Was a Follower of Trog.
             Slain by a jelly (3 damage)
             ... on level 5 of the Dungeon.
             The game lasted 00:04:35 (865 turns).

brucemayne the Cleaver (Hill Orc Berserker)          Turns: 865, Time: 00:04:35

Health: -1/56      AC: -1    Str: 18      XL:     6   Next: 56%
Magic:  5/5        EV: 10    Int:  6 (9)  God:    Trog [*.....]
Gold:   66         SH:  0    Dex: 10      Spells: 0 memorised, 5 levels left

rFire  . . .     SeeInvis .     a - +1 hand axe
rCold  . . .     Clarity  .     d - +0 scale mail
rNeg   . . .     SustAt   .     (no shield)
rPois  .         Gourm    .     (no helmet)
rElec  .         Spirit   .     (no cloak)
rCorr  .         Warding  .     (no gloves)
rMut   .         Stasis   .     (no boots)
MR     .....                    (no amulet)
Stlth  ..........               (no ring)
                                (no ring)

@: exhausted, about to teleport, corroded equipment, very slightly contaminated,
slowed, invisible, very slow, not resistant to hostile enchantments, extremely
unstealthy
A: low mp 1, robust 1, weak 1
a: Burn Spellbooks, Berserk, Renounce Religion


You were on level 5 of the Dungeon.
You worshipped Trog.
Trog was aware of your devotion.
You were not hungry.

You visited 2 branches of the dungeon, and saw 7 of its levels.
You also visited: Sewer.

You collected 66 gold pieces.

Inventory:

Hand Weapons
 a - a +1 hand axe (weapon)
 l - a +0 blowgun
Missiles
 j - 36 poisoned needles
Armour
 b - a +0 animal skin
 d - a +0 scale mail (worn)
Scrolls
 g - a scroll of enchant weapon
Potions
 e - a potion of invisibility
 i - a potion of poison {unknown}
Comestibles
 k - 2 meat rations


   Skills:
 - Level 3.6 Fighting
 + Level 9.4 Axes
 - Level 2.1 Armour
 - Level 1.5 Dodging


You had 5 spell levels left.
You didn't know any spells.

Dungeon Overview and Level Annotations

Branches:
Dungeon (6/15)             Temple (1/1) D:6

Altars:
Ashenzari
Dithmenos
Elyvilon
Fedhas
Gozag
Makhleb
Nemelex Xobeh
Qazlal
Sif Muna
Trog
Vehumet
Xom
Zin


Innate Abilities, Weirdness & Mutations

Your magical capacity is low (-10% MP).
You are robust (+10% HP).
You are weak. (Str -2)


Message History

The orc barely misses you. The jelly completely misses you.
The orc wizard casts a spell.
The orc wizard seems to speed up.
Read which item? (? for menu, Esc to quit)
As you read the scroll labeled CISYAN YRAL, it crumbles to dust.
You feel strangely unstable.
It was a scroll of teleportation.
You are no longer corroded.
The jelly hits you.
You are splashed with acid!
The acid corrodes you!
The acid burns!
* * * LOW HITPOINT WARNING * * *
The orc misses you. The jelly hits you.
* * * LOW HITPOINT WARNING * * *
You are splashed with acid!
The acid corrodes you!
The acid burns!
* * * LOW HITPOINT WARNING * * *
Read which item? (? for menu, Esc to quit)
As you read the scroll labeled OPTALA CICVIST, it crumbles to dust.
You feel forgetful for a moment.
It was a scroll of amnesia.
The orc shouts!
The orc closely misses you. The orc barely misses you. The jelly hits you.
You die...

............# #.....
............+ '...#
.....><%....#+##...+
.....#'#...........#
###.##.+...........#
+.#...........#
#.#....####o..#
#.#....# #oJ.+
#.#....# #@o.#
..+....# #...#
###....# #...#
###### #####


You could see a jelly, an orc wizard and 2 orcs.

Vanquished Creatures
  Menkaure (D:5)
  Purgy (Sewer)
  An orc wizard (D:4)
  An iguana (D:6)
  2 worker ants
  A giant gecko (D:5)
  3 orcs (D:4)
  A ball python (D:3)
  A hobgoblin (D:3)
  A giant newt (D:4)
  8 kobolds
  7 rats
28 creatures vanquished.

Notes
Turn   | Place    | Note
--------------------------------------------------------------
     0 | D:1      | brucemayne the Hill Orc Berserker began the quest for the Orb.
     0 | D:1      | Reached XP level 1. HP: 19/19 MP: 1/1
   196 | D:3      | Reached XP level 2. HP: 6/26 MP: 2/2
   322 | D:3      | Found a glowing drain.
   332 | Sewer    | Entered a sewer
   343 | Sewer    | Reached skill level 5 in Axes
   420 | Sewer    | Noticed Purgy
   426 | Sewer    | Killed Purgy
   426 | Sewer    | Reached skill level 7 in Axes
   426 | Sewer    | Reached XP level 3. HP: 15/31 MP: 3/3
   426 | Sewer    | Reached XP level 4. HP: 18/39 MP: 4/4
   581 | D:4      | Reached XP level 5. HP: 45/45 MP: 5/5
   625 | D:5      | Entered Level 5 of the Dungeon
   627 | D:5      | Noticed Menkaure
   635 | D:5      | Killed Menkaure
   635 | D:5      | Reached ** piety under Trog
   635 | D:5      | Reached skill level 9 in Axes
   635 | D:5      | Reached XP level 6. HP: 51/51 MP: 6/6
   720 | D:5      | Noticed a phantom
   744 | D:6      | HP: 3/76 [iguana (11)]
   770 | D:6      | Found a staircase to the Ecumenical Temple.
   776 | Temple   | Entered the Ecumenical Temple
   862 | D:5      | Gained mutation: You are robust (+10% HP). [potion of mutation]
   862 | D:5      | Gained mutation: You are weak. (Str -2) [potion of mutation]
   862 | D:5      | Gained mutation: Your magical capacity is low (-10% MP). [potion of mutation]
   864 | D:5      | HP: 2/56 [acid (11)]
   865 | D:5      | Slain by a jelly

Vault maps used:
D:1:      minmay_arrival_four_houses, nrook_mini_vaults
D:2:      uniq_terence
D:3:      kennysheep_six_static_rooms, grunt_temple_overflow_holy_war,
          ecumenical_altar_2, portal_sewer_entry_b, minmay_misc_feat_pillars,
          tgw_trog
D:4:      old_standard_altar, serial_shops, shop, minmay_tree_intersection,
          hangedman_abyss_or_decor_passed, fountainhead, uniq_crazy_yiuf_cottage
D:5:      first_bread, uniq_edmund, uniq_menkaure, uniq_blork_the_orc
D:6:      minmay_temple_entry_overgrown, grunt_decor_arrowhead,
          minmay_stone_trees_small
Temple:   nicolae_temple_god_jail
Sewer:    kennysheep_door_sewer

Action                   |  1- 3 |  4- 6 || total
-------------------------+-------+-------++-------
Melee: Hand axe          |    46 |    42 ||    88
Invok: Berserk           |     2 |     4 ||     6
       Trog's Hand       |       |     1 ||     1
  Use: Scroll            |       |     3 ||     3
       Potion            |       |     3 ||     3
  Eat: Beef jerky        |       |     1 ||     1
       Chunk             |       |     3 ||     3
       Bread ration      |       |     1 ||     1
